 Dungeon Crawl Stone Soup version 0.30-a0-918-g0ff054e9dc (webtiles) character file.

Game seed: 2304920510996478493

256 selver the Cleaver (level 6, 0/56 HPs)
             Began as a Hill Orc Fighter on Mar 21, 2023.
             Was an Initiate of Gozag.
             Succumbed to an adder's poison
             ... on level 4 of the Dungeon.
             The game lasted 00:04:31 (2480 turns).

selver the Cleaver (Hill Orc Fighter)               Turns: 2480, Time: 00:04:31

Health: 0/56       AC: 10    Str: 18 (21) XL:     6   Next: 16%
Magic:  6/6        EV:  6    Int:  6 (8)  God:    Gozag
Gold:   122        SH:  8    Dex:  5 (8)  Spells: 5/5 levels left

rFire   . . .      SeeInvis .    a - +0 war axe
rCold   . . .      Faith    .    c - +0 buckler
rNeg    . . .      Spirit   .    f - +0 chain mail
rPois   .          Reflect  +    (no helmet)
rElec   .          Rampage  .    (no cloak)
rCorr   +                        r - +0 pair of gloves
Will    .....                    (no boots) Stlth
                                 t - amulet of reflection
HPRegen 0.29/turn                u - ring of resist corrosion
MPRegen 0.10/turn                (no ring)

@: mighty, brilliant, lethally poisoned (0 -> -1), gold aura, attractive,
invisible
A: clumsy 1, robust 1
a: Renounce Religion, Potion Petition, Call Merchant, Bribe Branch


You were on level 4 of the Dungeon.
You worshipped Gozag.
Gozag was aware of your devotion.
You visited 2 branches of the dungeon, and saw 5 of its levels.

You collected 178 gold pieces.
You paid 56 gold pieces to Gozag.

Inventory:

Hand Weapons
 a - a +0 war axe (weapon)
Armour
 c - a +0 buckler (worn)
 f - a +0 chain mail (worn)
 r - a +0 pair of gloves (worn)
Jewellery
 k - an amulet of the acrobat
 t - an amulet of reflection (around neck)
 u - a ring of resist corrosion (left hand)
Wands
 w - a wand of quicksilver (8)
 x - a wand of roots (6)
Scrolls
 g - a scroll of summoning {unknown}
 h - 2 scrolls of immolation {unknown}
 j - a scroll of blinking {unknown}
 l - a scroll of enchant weapon {unknown}
 p - a scroll of identify {unknown}
 q - a scroll of amnesia {unknown}
 s - a scroll of teleportation {unknown}
 v - a scroll of poison {unknown}
 y - a scroll of magic mapping {unknown}
Potions
 b - a potion of mutation
 d - 2 potions of might
 e - a potion of attraction
 i - a potion of degeneration


   Skills:
 - Level 3.6 Fighting
 + Level 8.3 Axes
 - Level 3.2 Armour
 - Level 3.2 Shields


You had 5 spell levels left.
You didn't know any spells.
Your spell library contained the following spells:

 Spells                   Type           Power      Damage    Failure   Level
 Magic Dart               Conj           0%         1d3       100%        1
 Cigotuvi's Dreadful Rot  Necr/Pois/Air  0%         N/A       100%        2
 Poisonous Vapours        Pois/Air       0%         N/A       100%        2
 Mephitic Cloud           Conj/Pois/Air  0%         N/A       100%        3
 Polar Vortex             Ice            0%         N/A       100%        9


Dungeon Overview and Level Annotations

Branches:
Dungeon (4/15)             Temple (1/1) D:4

Altars:
Ashenzari
Dithmenos
Elyvilon
Gozag
Hepliaklqana
Kikubaaqudgha
Nemelex Xobeh
Ru
Trog
Uskayaw
Vehumet
Wu Jian
Xom
Yredelemnul
Zin
The Shining One


Innate Abilities, Weirdness & Mutations

You are clumsy. (Dex -2)
You are robust. (+10% HP)


Message History

The scorpion stings you but does no damage.
It was a potion of degeneration.
There was something very wrong with that liquid.
You feel weakened.
You feel dopey.
You feel clumsy.
You feel sick.
You are no longer poisoned.
The scorpion barely misses you.
It was a potion of curing.
You feel better.
The scorpion stings you but does no damage.
The scorpion stings you.
* * * LOW HITPOINT WARNING * * *
It was a potion of invisibility.
You fade into invisibility!
The scorpion stings you.
* * * LOW HITPOINT WARNING * * *
It was a potion of brilliance.
You feel clever all of a sudden.
The adder is no longer distracted by gold.
The adder bites you.
* * * LOW HITPOINT WARNING * * *
You are lethally poisoned!
The adder poisons you! You block the scorpion's attack.
You closely miss the scorpion.
The scorpion is lightly wounded.
You barely miss the adder.
* * * LOW HITPOINT WARNING * * *
You feel sick. The adder bites you but does no damage.
The scorpion stings you but does no damage.
You block the adder's attack.
You slash the adder!
You kill the adder!
You barely miss the scorpion.
* * * LOW HITPOINT WARNING * * *
You feel sick. The scorpion completely misses you.
The scorpion stings you but does no damage.
You catch the helpless scorpion completely off-guard!
You slash the scorpion!
The scorpion is severely wounded.
You die...
Your body crumbles into a pile of gold.

...# ...# ...#..... ##
...#...... ..#
<..#.....# ...#
...+.....####+#####.$..#
..##.....##.....$$.....#
..##.....##.....s#
..#..........$..@#
..#..............$......
..#.....................
####....................
...###'#################
.......................#
........................
........................
...............P.P......


You could see a scorpion (unable to see you).

Vanquished Creatures
  An orc priest (D:4)
  Natasha (thrice) (D:3)
  An orc wizard (D:4)
  Robin (D:4)
  5 adders
  A worm (D:3)
  2 dart slugs (D:2)
  3 orcs (D:4)
  2 bats (D:3)
  3 endoplasms
  2 giant cockroaches
  12 goblins
  8 hobgoblins
  A quokka (D:1)
  6 ball pythons
  4 frilled lizards
  6 kobolds
  3 rats
64 creatures vanquished.

Vanquished Creatures (others)
  An orc (D:3)
  2 plants (D:4)
3 creatures vanquished.

Grand Total: 67 creatures vanquished

Notes
Turn   | Place    | Note
-------+----------+-------------------------------------------
     0 | D:1      | selver the Hill Orc Fighter began the quest for the Orb.
     0 | D:1      | Reached XP level 1. HP: 19/19 MP: 1/1
    30 | D:1      | Found a faded altar of an unknown god.
   329 | D:1      | Reached skill level 3 in Axes
   515 | D:1      | Reached XP level 2. HP: 24/26 MP: 2/2
   848 | D:2      | Reached skill level 4 in Axes
   969 | D:2      | Reached XP level 3. HP: 31/31 MP: 3/3
  1002 | D:2      | Reached skill level 5 in Axes
  1185 | D:2      | Reached XP level 4. HP: 39/39 MP: 4/4
  1205 | D:2      | Identified the +6 chain mail of the Well-Known Hells
                  | {Str+4}
  1537 | D:3      | Got the Incunabulum of Frozen Kinetic Energy
  1658 | D:3      | Noticed Natasha
  1666 | D:3      | Killed Natasha
  1667 | D:3      | Reached skill level 6 in Axes
  1792 | D:3      | Noticed Natasha
  1797 | D:3      | Killed Natasha
  1798 | D:3      | Reached XP level 5. HP: 44/45 MP: 5/5
  1988 | D:3      | Found a glowing silver altar of Zin.
  1988 | D:3      | Noticed an angel
  2174 | D:3      | Noticed Natasha
  2184 | D:3      | Killed Natasha
  2185 | D:3      | Reached skill level 7 in Axes
  2285 | D:4      | Noticed Robin
  2296 | D:4      | Killed Robin
  2335 | D:4      | Found a staircase to the Ecumenical Temple.
  2344 | Temple   | Entered the Ecumenical Temple
  2391 | Temple   | Became a worshipper of Gozag Ym Sagoz the Greedy
  2472 | D:4      | Reached skill level 8 in Axes
  2472 | D:4      | Reached XP level 6. HP: 5/51 MP: 6/6
  2472 | D:4      | Gained mutation: You are clumsy. (Dex -2) [potion of
                  | mutation]
  2472 | D:4      | Gained mutation: You are robust. (+10% HP) [potion of
                  | mutation]
  2478 | D:4      | HP: 2/56 [poisoned by an adder]
  2480 | D:4      | Succumbed to an adder's poison

Illustrated notes

Levels and vault maps discovered:
D:1:      beargit_arrival_greenhouse, layout_basic,
          chequers_ecumenical_altar_island, serial_forest,
          infiniplex_forest_fountain, infiniplex_forest_clump_tiny,
          infiniplex_forest_side_room, infiniplex_forest_lined_corner,
          infiniplex_forest_lined_4_way, infiniplex_forest_straight_3
D:2:      layout_rooms, chequers_serial_rivers_small_a,
          hangedman_decor_clover_reticule, chequers_arboretum,
          dreamdust_princess_bridge, interstate_on_off
D:3:      layout_loops_ring, zin_angel, uniq_natasha
D:4:      layout_gridville, minmay_temple_entry_gardened_gates, serial_shops,
          shop_fountains, uniq_robin
Temple:   hellmonk_temple_of_storms

Skill      XL: |  1  2  3  4  5 |
---------------+----------------+-----
Axes           | 3 4 5 6 8 |  8.3
Fighting       | |  3.6
Armour         | |  3.2
Shields        | |  3.2

Action                     |  1- 3 |  4- 6 || total
---------------------------+-------+-------++-------
  Melee: War axe           |    70 |    98 ||   168
    Use: Potion            |       |     8 ||     8
   Stab: Invisible         |       |     1 ||     1
 Armour: Chain mail        |    31 |    48 ||    79
  Dodge: Dodged            |    25 |    35 ||    60
  Block: Buckler           |     8 |    27 ||    35
         Reflection        |       |     1 ||     1

Table legend: (Time is in decaauts)
 A = Elapsed time spent in this place.
 B = Non-inter-level travel time spent in this place.
 C = Inter-level travel time spent in this place.
 D = Time resting spent in this place.
 E = Time spent auto-exploring this place.
 F = Levels seen in this place.
 G = Mean time per level.
                   A        B        C        D        E       F      G
               +--------+--------+--------+--------+--------+-----+--------+
         Total |   2523 |   2364 |    159 |     39 |   1832 |   5 |  504.6 |
       Dungeon |   2455 |   2316 |    139 |     39 |   1810 |   4 |  613.8 |
        Temple |     67 |     47 |     20 |      0 |     22 |   1 |   67.0 |
               +--------+--------+--------+--------+--------+-----+--------+

Top non-repeatable levels by time:
     D:1: 847 daAuts
     D:3: 776 daAuts
     D:2: 689 daAuts
     D:4: 142 daAuts
  Temple: 67 daAuts
